Map: Orbital Shipyard

Players

fjk - Winner!

  • Race: Protoss Protoss
  • League: Gold

capac

  • Race: Terran Terran
  • League: Gold

VOD

Have the link to the VOD?

Description

Time

  • Played on: March 10, 2016, 3:48 p.m.
  • Length: 21:28
Show
View Real Time Build Order
Export as new Build Order

fjk Protoss - Winner!

Build Orders: Blink Stalkers 

Get SALT Encoding   

  12  0:01  Probe (Chrono Boost)  
  13  0:12  Probe (Chrono Boost)  
  14  0:19  Pylon  
  14  0:22  Probe (Chrono Boost)  
  15  0:37  Probe (Chrono Boost)  
  15  0:38  Gateway  
  16  0:47  Probe (Chrono Boost)  
  16  0:48  Assimilator  
  17  0:58  Probe (Chrono Boost)  
  18  1:08  Probe (Chrono Boost)  
  19  1:19  Probe (Chrono Boost)  
  19  1:25  Cybernetics Core  
  20  1:34  Probe (Chrono Boost)  
  20  1:39  Assimilator  
  21  1:45  Probe (Chrono Boost)  
  22  1:53  Nexus  
  22  1:55  Probe (Chrono Boost)  
  23  2:02  Pylon  
  23  2:10  Warp Gate (Chrono Boost)  
  23  2:20  Probe, Adept (Chrono Boost)  
  26  2:32  Probe  
  27  2:44  Twilight Council  
  26  2:46  Gateway  
  26  2:49  Gateway  
  27  3:00  Mothership Core  
  28  3:07  Probe  
  29  3:19  Probe  
  29  3:21  Probe  
  29  3:22  Robotics Facility  
  29  3:25  Blink (Chrono Boost)  
  31  3:47  Probe x2  
  33  3:59  Probe x2  
  35  4:09  Immortal  
  39  4:10  Stalker x2  
  39  4:11  Stalker  
  39  4:14  Probe  
  46  4:17  Pylon  
  46  4:34  Pylon  
  46  4:35  Probe x2  
  48  4:44  Pylon  
  48  4:45  Stalker x2  
  52  4:47  Probe x2  
  54  4:56  Observer  
  54  4:59  Probe  
  56  5:05  Probe  
  57  5:11  Probe  
  58  5:14  Assimilator  
  58  5:18  Probe, Assimilator  
  58  5:20  Immortal (Chrono Boost)  
  63  5:23  Probe  
  64  5:30  Probe  
  64  5:34  Forge  
  65  5:36  Forge  
  65  5:38  Probe  
  65  5:42  Probe, Stalker  
  69  5:58  Templar Archives  
  69  5:59  Probe  
  70  6:07  Pylon  
  70  6:12  Protoss Ground Weapons Level 1 (Chrono Boost)  
  70  6:13  Protoss Ground Armor Level 1 (Chrono Boost)  
  70  6:18  Photon Cannon  
  70  6:23  Pylon  
  70  6:25  Probe, Observer  
  72  6:31  Stalker x3  
  78  6:37  Nexus  
  78  6:40  Pylon  
  78  6:53  Immortal  
  82  7:00  Photon Cannon  
  82  7:05  Photon Cannon  
  82  7:08  Pylon  
  82  7:09  Probe  
  82  7:10  Probe  
  82  7:12  Psionic Storm  
  82  7:14  High Templar  
  86  7:21  Probe  
  86  7:22  Probe  
  88  7:31  Pylon  
  88  7:34  Probe x2  
  90  7:41  Charge (Chrono Boost)  
  90  7:43  Zealot x2  
  94  7:46  Probe, Immortal  
  97  7:58  Stalker  
  99  8:07  High Templar  
  101  8:13  Probe  
  101  8:14  Probe  
  101  8:16  Probe, Assimilator  
  101  8:18  Assimilator  
  104  8:21  High Templar  
  104  8:25  Probe  
  107  8:30  Probe  
  107  8:31  Probe  
  109  8:36  Gateway  
  109  8:39  Gateway  
  109  8:40  Probe, Protoss Ground Weapons Level 2, Gateway  
  109  8:41  Gateway  
  110  8:43  Immortal, Gateway  
  112  8:52  Stalker x2  
  116  8:58  Protoss Ground Armor Level 2  
  116  9:10  Pylon  
  116  9:20  Probe  
  117  9:27  Warp Prism  
  117  9:28  Probe  
  120  9:33  Pylon  
  120  9:34  Pylon x2  
  120  9:35  Pylon  
  120  9:43  Photon Cannon  
  120  9:44  Photon Cannon  
  120  9:58  High Templar x4  
  128  10:03  Archon x2, Immortal  
  128  10:04  Archon  
  128  10:06  Stalker x2  
  136  10:08  Probe  
  137  10:17  Nexus  
  137  10:19  Pylon  
  137  10:20  Probe x3  
  140  10:21  Pylon  
  140  10:32  Probe  
  141  10:37  High Templar x3  
  141  10:38  Pylon  
  141  10:40  Probe  
  148  10:43  Immortal, Pylon  
  152  11:11  Stargate  
  152  11:12  Stargate  
  152  11:16  Robotics Facility  
  152  11:22  Immortal  
  156  11:27  Zealot x2  
  156  11:28  Zealot  
  156  11:29  Zealot  
  163  11:47  Zealot x3  
  163  11:48  Zealot x4  
  163  11:49  Zealot  
  179  11:55  Gateway  
  179  11:57  Gateway  
  179  11:59  Gateway  
  175  12:03  Assimilator  
  175  12:05  Assimilator  
  175  12:09  High Templar  
  175  12:10  High Templar x5  
  175  12:14  Archon x3  
  187  12:22  Pylon  
  187  12:28  Immortal  
  191  12:30  Immortal  
  195  12:43  Probe x2  
  197  12:45  Pylon  
  197  12:49  Probe  
  198  13:01  Zealot  
  200  13:11  Dark Shrine  
  200  13:14  Protoss Ground Armor Level 3 (Chrono Boost), Protoss Ground Weapons Level 3 (Chrono Boost)  
  189  13:39  Archon  
  159  13:42  Stalker x4  
  159  13:43  Stalker  
  167  13:58  Fleet Beacon  
  165  14:19  High Templar x4  
  165  14:20  High Templar x3  
  165  14:22  Zealot x3  
  185  14:25  Archon x3  
  185  14:26  Archon  
  175  14:57  Zealot x4  
  175  14:58  Zealot x5  
  175  14:59  Zealot  
  182  15:21  Nexus  
  182  15:24  Pylon  
  182  15:25  Pylon  
  176  15:51  Zealot x7  
  176  15:52  Zealot x4  
  198  16:02  Anion Pulse-Crystals  
  196  16:05  Protoss Shields Level 1 (Chrono Boost)  
  188  16:11  Dark Templar  
  188  16:12  Dark Templar x5  
  200  16:37  Assimilator  
  200  16:39  Assimilator  
  200  16:53  Nexus  
  196  17:30  Pylon  
  196  17:32  Pylon  
  196  17:35  Tempest (Chrono Boost)  
  184  17:52  Tempest (Chrono Boost)  
  182  18:15  Protoss Air Weapons Level 1  
  182  18:18  Tempest (Chrono Boost), Observer  
  185  18:31  Stalker x2  
  185  18:32  Stalker x5  
  165  18:56  Immortal  
  165  18:58  High Templar x6  
  181  19:07  Probe  
  182  19:12  Protoss Shields Level 2  
  182  19:31  Tempest x2 (Chrono Boost)  
  190  19:41  Assimilator  
  190  19:43  Assimilator  
  190  19:55  Probe  
  190  19:56  Probe x2  
  193  20:47  Tempest (Chrono Boost)  
Show
View Real Time Build Order
Export as new Build Order

capac Terran 

Build Orders:  

Get SALT Encoding   

  12  0:02  SCV  
  13  0:14  SCV  
  14  0:19  Supply Depot  
  14  0:26  SCV  
  15  0:41  SCV  
  16  0:43  Barracks  
  16  0:48  Refinery  
  16  0:53  SCV  
  17  1:05  SCV  
  18  1:17  SCV  
  19  1:29  SCV  
  20  1:34  Barracks Reactor  
  20  1:39  Command Center  
  20  1:41  SCV  
  21  1:54  Orbital Command  
  21  2:12  Marine x2  
  23  2:22  Factory  
  23  2:23  Barracks  
  23  2:33  Supply Depot  
  23  2:50  SCV  
  24  2:53  Orbital Command  
  23  2:58  Supply Depot  
  23  3:01  Marine x2  
  23  3:03  Refinery  
  25  3:08  Factory Tech Lab  
  25  3:12  Barracks Tech Lab  
  25  3:17  Starport  
  26  3:20  SCV  
  26  3:26  Supply Depot  
  26  3:35  Marine x2  
  26  3:36  Marine  
  29  3:44  SCV  
  29  3:46  SCV  
  31  3:51  Siege Tank  
  31  3:53  Marine  
  31  3:54  Marine  
  36  3:58  Marine  
  36  4:02  SCV x2  
  39  4:10  Starport Reactor  
  39  4:15  SCV  
  39  4:16  Marine, SCV  
  39  4:17  Marine  
  42  4:18  Marine  
  42  4:23  Refinery  
  44  4:28  Siege Tank  
  44  4:31  SCV x2  
  49  4:39  Engineering Bay  
  49  4:43  Marine x3  
  52  4:46  Stimpack  
  52  4:51  SCV x2  
  54  5:00  Siege Tank  
  54  5:01  Marine  
  54  5:02  Marine x2  
  54  5:04  SCV x2  
  62  5:09  Refinery  
  62  5:17  Missile Turret  
  62  5:22  Missile Turret  
  62  5:27  Supply Depot  
  62  5:35  Marine x3, Medivac x2  
  69  5:39  Supply Depot, SCV  
  70  5:48  SCV  
  71  5:53  Supply Depot, SCV  
  71  5:54  Marine  
  71  5:55  Marine x2  
  75  6:01  SCV  
  76  6:05  SCV, Medivac x2  
  76  6:07  Supply Depot  
  81  6:12  Marine x2  
  81  6:15  Siege Tank  
  81  6:17  SCV  
  87  6:24  Marine  
  88  6:26  Supply Depot  
  88  6:31  SCV x2  
  90  6:44  Liberator x2  
  90  6:53  Siege Tank  
  93  7:02  Marine x3  
  93  7:08  Command Center  
  102  7:13  SCV x2  
  104  7:21  Marine x3  
  107  7:25  Siege Tank  
  110  7:30  Supply Depot  
  110  7:51  Marine x3  
  89  8:06  Siege Tank  
  89  8:09  Marine x3, Medivac x2  
  99  8:18  Barracks  
  99  8:20  Barracks x2  
  99  8:27  Marine, Orbital Command  
  99  8:31  Supply Depot, Marine x2  
  102  8:46  Orbital Command  
  102  8:52  Marine x3  
  102  8:54  SCV x2  
  107  9:06  Supply Depot, Barracks Reactor  
  107  9:08  Barracks Reactor  
  107  9:09  Marine x2, Liberator x2  
  107  9:12  Terran Infantry Weapons Level 1  
  107  9:14  Barracks Reactor  
  109  9:20  SCV x2  
  109  9:24  Siege Tank  
  114  9:31  Refinery x2, Marine  
  120  9:32  Marine x2, SCV x2  
  120  9:37  Supply Depot  
  125  9:43  Supply Depot  
  125  9:44  SCV x2  
  127  9:49  Starport  
  127  9:51  Liberator  
  127  9:52  Marine x2, Liberator  
  127  9:53  Marine x3  
  127  9:54  Marine x3  
  127  9:57  Siege Tank  
  138  10:02  Supply Depot  
  144  10:14  Marine  
  144  10:15  Marine x6  
  144  10:16  Marine x2  
  153  10:27  SCV x2  
  155  10:33  SCV  
  156  10:43  Command Center  
  156  10:48  Marine x3  
  156  10:49  Marine x4  
  162  10:50  Marine x2  
  162  10:55  Supply Depot  
  162  10:56  Starport Reactor  
  165  11:02  Siege Tank  
  165  11:04  Barracks  
  168  11:05  Medivac  
  168  11:11  Marine x3  
  170  11:12  Missile Turret  
  173  11:29  Medivac  
  175  11:33  Medivac x2  
  175  11:37  Supply Depot  
  178  12:08  Medivac x2  
  178  12:09  Medivac x2  
  178  12:10  Marine x5  
  178  12:11  Marine x4  
  178  12:15  Barracks Tech Lab  
  195  12:33  Barracks  
  195  12:35  Siege Tank  
  137  13:42  Marine x4  
  137  13:43  Marine x3  
  144  14:21  Marine x4  
  144  14:22  Marine x2  
  150  14:25  Marine x2  
  150  14:26  Marine  
  153  14:35  Command Center  
  153  14:39  Marine  
  154  14:48  Liberator x4  
  114  15:02  Marine x3, Siege Tank  
  114  15:03  Marine x4  
  114  15:06  Marine x2  
  138  15:20  Marine x4  
  138  15:21  Marine x3  
  144  15:24  Marine  
  144  15:26  Barracks Tech Lab  
  147  15:30  Marauder x2  
  150  15:38  Starport, Marine x5  
  87  15:51  Marauder x2  
  74  15:58  Marine x2  
  69  16:12  Marauder  
  69  16:13  Marauder, Marine x6  
  69  16:14  Marine  
  80  16:22  Medivac x2  
  80  16:23  Medivac x2  
  88  16:34  Marauder x2  
  81  16:43  SCV  
  82  16:48  Siege Tank  
  85  16:59  Liberator  
  85  17:00  Liberator x3, Orbital Command  
  85  17:01  Missile Turret  
  87  17:26  Missile Turret  
  84  17:50  Marine x3  
  84  17:51  Marine x4  
  85  17:57  Starport Reactor  
  87  17:59  Marine x3  
  90  18:15  Reaper  
  78  18:37  Marine  
  58  19:51  Missile Turret  
  58  20:03  Refinery  
  58  20:04  Refinery, Marine  
  58  20:05  Marine x6  
  58  20:06  Marine  
  66  20:23  Viking  
  66  20:24  Viking x2  
  66  20:25  Viking  
  73  20:47  Marine x2  
  73  20:48  Marine  
  73  20:53  Viking  
  73  20:54  Viking x3  
  75  21:17  Missile Turret  
Tags
 
Add a new tag
Caveats
  • Supply blocks, unpowered buildings, or Contaminate may cause inaccurate times.
  • Supply counts are checked every 10 seconds.